Map: Desvio para o Azul LE

Players

Vicster

  • Race: Terran Terran
  • League: Gold
  • Spawn Location: 7:00

TheShadowMan - Winner!

  • Race: Zerg Zerg
  • League: Gold
  • Spawn Location: 1:00

VOD

Have the link to the VOD?

Description

Time

  • Played on: Jan. 5, 2019, 8:27 a.m.
  • Length: 6:50
Show
View Real Time Build Order
Export as new Build Order

Vicster Terran 

Build Orders:  

Get SALT Encoding   

  12  0:01  SCV  
  13  0:13  SCV  
  14  0:18  Supply Depot  
  14  0:25  SCV  
  14  0:27  Refinery  
  15  0:40  SCV  
  16  0:45  Barracks  
  16  0:52  SCV  
  17  1:04  SCV  
  18  1:17  SCV  
  19  1:29  SCV  
  20  1:33  Reaper  
  21  1:45  Command Center  
  21  1:49  Orbital Command  
  21  2:02  Factory  
  21  2:14  SCV  
  21  2:15  Supply Depot  
  22  2:18  Barracks Reactor  
  22  2:25  Refinery  
  22  2:26  SCV  
  23  2:38  SCV  
  23  2:50  SCV  
  23  3:03  SCV  
  23  3:17  Factory Tech Lab  
  18  3:27  Orbital Command  
  18  3:34  Marine x2  
  18  3:36  Hellion  
  18  3:41  SCV  
  21  3:52  Marine  
  19  4:21  Marine  
  19  4:22  Hellion  
  22  4:29  Supply Depot  
  22  4:31  SCV  
  23  4:33  SCV  
  24  4:43  Marine x2, SCV, Hellion  
  24  4:45  SCV  
  30  4:54  Barracks  
  30  4:57  SCV  
  30  4:59  Starport  
  31  5:05  Marine x2  
  33  5:09  SCV  
  33  5:13  Hellion  
  37  5:21  SCV  
  37  5:22  Marine  
  37  5:26  SCV  
  39  5:33  Marine, SCV  
  41  5:38  Starport Reactor, SCV  
  43  5:43  Barracks  
  43  5:45  SCV  
  43  5:49  Marine  
  40  5:50  SCV  
  40  5:54  Marine  
  40  5:57  Widow Mine, SCV  
  32  6:02  SCV  
  32  6:06  Marine  
  32  6:09  SCV  
  33  6:12  Marine  
  33  6:14  SCV  
  33  6:18  Widow Mine  
  36  6:24  Marine  
  34  6:34  Supply Depot  
  34  6:39  Supply Depot  
Show
View Real Time Build Order
Export as new Build Order

TheShadowMan Zerg - Winner!

Build Orders: Pool First 

Get SALT Encoding   

  12  0:01  Drone  
  13  0:10  Drone  
  14  0:27  Spawning Pool  
  13  0:30  Drone  
  14  0:38  Extractor  
  14  0:40  Overlord  
  13  0:44  Extractor  
  13  0:46  Drone  
  13  1:02  Drone x2  
  15  1:13  Queen  
  17  1:19  Drone x2  
  19  1:33  Overlord  
  19  1:48  Metabolic Boost  
  19  1:55  Zergling x4  
  21  2:10  Lair  
  21  2:15  Drone x2  
  23  2:26  Drone x3  
  26  2:36  Overlord  
  26  3:33  Zergling x10  
  31  3:39  Spire  
  24  4:30  Hatchery  
  22  4:51  Mutalisk x6  
  34  5:08  Zergling x6  
  30  6:02  Zergling x10  
  35  6:07  Queen  
  35  6:09  Drone x3  
Tags
 
Add a new tag
Caveats
  • Supply blocks, unpowered buildings, or Contaminate may cause inaccurate times.
  • Supply counts are checked every 10 seconds.